 Dungeon Crawl Stone Soup version 0.16-b1 (webtiles) character file.

605 Gorice the Slasher (level 7, -1/78 HPs)
             Began as a Demonspawn Berserker on Mar 13, 2015.
             Was a Priest of Trog.
             Succumbed to Crazy Yiuf's poison
             ... on level 4 of the Dungeon on Mar 14, 2015.
             The game lasted 00:23:51 (2755 turns).

Gorice the Slasher (Demonspawn Berserker)           Turns: 2755, Time: 00:23:51

Health: -1/78      AC: 15    Str: 24    XL:     7   Next: 19%
Magic:  5/7        EV:  7    Int:  8    God:    Trog [***...]
Gold:   142        SH:  0    Dex: 13    Spells: 0 memorised, 6 levels left

rFire  . . .     SeeInvis .     a - +0 falchion
rCold  . . .     Clarity  .     g - +0 plate armour
rNeg   . . .     SustAb   .     (no shield)
rPois  .         Gourm    .     p - +0 helmet
rElec  .         Spirit   .     (no cloak)
rCorr  .         Warding  .     d - +0 pair of gloves
rMut   .         Stasis   .     (no boots)
MR     .....                    (no amulet)
Stlth  ..........               (no ring)
                                (no ring)

@: berserking, lethally poisoned (-1 -> -10), slowed, not resistant to hostile
enchantments, extremely unstealthy
A: hooves 2, yellow scales 2, rot immunity
a: Burn Spellbooks, Berserk, Trog's Hand, Renounce Religion


You were on level 4 of the Dungeon.
You worshipped Trog.
Trog was most pleased with you.
You were hungry.

You visited 1 branch of the dungeon, and saw 4 of its levels.

You collected 142 gold pieces.

Inventory:

Hand weapons
 a - a +0 falchion (weapon)
 t - a +0 whip of electrocution
   (You took it off Pikel on level 4 of the Dungeon)
Missiles
 e - 20 bolts
 Z - 104 stones (quivered)
Armour
 d - a +0 pair of gloves (worn)
 g - a +0 plate armour (worn)
 k - a +1 ring mail of magic resistance
   (You found it on level 1 of the Dungeon)
 p - a +0 helmet (worn)
 r - a +0 buckler
 u - a +2 robe of positive energy
   (You took it off Pikel on level 4 of the Dungeon)
Magical devices
 o - a wand of cold (0)
Scrolls
 b - a scroll of magic mapping {!r}
 f - a scroll of fear {!r}
 h - a scroll of identify
 i - a scroll of remove curse
 q - a scroll of blinking {unknown}
Potions
 j - a potion of brilliance {!q}
 n - a potion of agility {!q}
 s - a potion of heal wounds {unknown}
Comestibles
 c - 2 bread rations {!e}
 l - a royal jelly
 m - a slice of pizza


   Skills:
 - Level 3.0 Fighting
 * Level 7.6 Long Blades
 - Level 1.7 Armour
 - Level 1.7 Dodging


You had 6 spell levels left.
You didn't know any spells.

Dungeon Overview and Level Annotations

Branches:
Dungeon (4/15)             Temple (0/1) D:4

Altars:
Nemelex Xobeh
Okawaru
Yredelemnul

Annotations:
D:2 glass walled loot
D:4 Crazy Yiuf; Yermak's ghost, average TrCj


Innate Abilities, Weirdness & Mutations

You have hoof-like feet.
You are mostly covered in yellow scales (AC +3).
You are immune to rotting.


Message History

You barely miss Crazy Yiuf. You kick Crazy Yiuf.
Crazy Yiuf is lightly wounded.
Crazy Yiuf hits you with a quarterstaff of chaos.
Crazy Yiuf freezes you.
You take 5 damage.
Your plate armour prevents you from hitting Crazy Yiuf.
Your kick misses Crazy Yiuf.
Crazy Yiuf is lightly wounded.
Crazy Yiuf hits you with a quarterstaff of chaos!
You are poisoned.
You take 7 damage.
You slash Crazy Yiuf! You kick Crazy Yiuf, but do no damage.
Crazy Yiuf is heavily wounded.
You feel sick.
Crazy Yiuf hits you with a quarterstaff of chaos.
Crazy Yiuf hits you but does no damage.
You are more poisoned.
You take 6 damage.
You hit Crazy Yiuf. You kick Crazy Yiuf, but do no damage.
Crazy Yiuf is severely wounded.
You feel sick.
Crazy Yiuf hits you with a quarterstaff of chaos.
You take 6 damage.
You closely miss Crazy Yiuf. Your kick misses Crazy Yiuf.
Crazy Yiuf is severely wounded.
You feel very sick. Crazy Yiuf hits you but does no damage.
You feel as though you will be slow longer.
You take 3 damage.
You hit Crazy Yiuf. You kick Crazy Yiuf, but do no damage.
Crazy Yiuf is almost dead.
You feel sick.
Crazy Yiuf hits you with a quarterstaff of chaos.
You feel your power leaking away.
You take 6 damage.
You hit Crazy Yiuf but do no damage.
Crazy Yiuf is almost dead.
You feel sick.
Crazy Yiuf hits you with a quarterstaff of chaos.
* * * LOW HITPOINT WARNING * * *
You convulse!
* * * LOW HITPOINT WARNING * * *
Crazy Yiuf hits you with a quarterstaff of chaos.
* * * LOW HITPOINT WARNING * * *
You take 18 damage.
Use which ability? (? or * to list)
A red film seems to cover your vision as you go berserk!
You feel yourself moving faster!
You feel mighty!
You are feeling hungry.
You die...

##...## #....###### #.........#
#...####### ####....# #.##....#
#.......##♣♣ ### #.##.......♣♣
♣♣#..)# #...........♣♣♣♣@g..(#
#.##.........♣..♣#...#
............♣.♣♣♣ ###
..##...###♣♣♣♣♣ ..##....#
..##.#.########### ###
..............##.###.#########.##
.................................
.###...##.#...######.########..##


You could see Crazy Yiuf.

Vanquished Creatures
  Pikel (D:4)
  6 adders
  3 gnolls (D:3)
  A giant gecko (D:2)
  An orc (D:4)
  2 ball pythons
  7 goblins
  17 hobgoblins
  7 kobolds
  2 quokkas (D:4)
  9 bats
  2 giant cockroaches
  2 giant newts
  5 rats
65 creatures vanquished.

Vanquished Creatures (others)
  A slave (D:4)
1 creature vanquished.

Grand Total: 66 creatures vanquished

Notes
Turn   | Place    | Note
--------------------------------------------------------------
     0 | D:1      | Gorice, the Demonspawn Berserker, began the quest for the Orb.
     0 | D:1      | Reached XP level 1. HP: 18/18 MP: 1/1
   225 | D:1      | Gained mutation: You are partially covered in yellow scales (AC +2). [demonic ancestry]
   225 | D:1      | Reached XP level 2. HP: 24/24 MP: 2/2
   616 | D:2      | Gained mutation: You have large cloven feet. [demonic ancestry]
   616 | D:2      | Reached XP level 3. HP: 20/29 MP: 3/3
   631 | D:2      | Reached skill level 4 in Long Blades
   755 | D:2      | Acquired Trog's second power
  1149 | D:2      | HP: 8/29 [poisoned by an adder]
  1156 | D:2      | HP: 6/29 [poisoned by an adder]
  1163 | D:2      | HP: 5/29 [poisoned by an adder]
  1613 | D:3      | Gained mutation: You are immune to rotting. [demonic ancestry]
  1613 | D:3      | Reached XP level 4. HP: 35/35 MP: 4/4
  1645 | D:3      | Found a basalt altar of Yredelemnul.
  1950 | D:3      | Found an iron altar of Okawaru.
  2068 | D:3      | Reached skill level 5 in Long Blades
  2331 | D:4      | Found a staircase to the Ecumenical Temple.
  2368 | D:4      | Noticed Pikel
  2371 | D:4      | Noticed a slave
  2372 | D:4      | Noticed a slave
  2375 | D:4      | Noticed a slave
  2377 | D:4      | Killed Pikel
  2377 | D:4      | Reached skill level 7 in Long Blades
  2377 | D:4      | Gained mutation: You are mostly covered in yellow scales (AC +3). [demonic ancestry]
  2377 | D:4      | Reached XP level 5. HP: 38/41 MP: 5/5
  2377 | D:4      | Reached XP level 6. HP: 43/47 MP: 6/6
  2377 | D:4      | Gained mutation: You have hoof-like feet. [demonic ancestry]
  2377 | D:4      | Reached XP level 7. HP: 47/52 MP: 7/7
  2414 | D:4      | Noticed a freed slave
  2504 | D:4      | Noticed Yermak's ghost (average TrCj)
  2510 | D:4      | Killed a freed slave
  2606 | D:4      | Found a sparkling altar of Nemelex Xobeh.
  2744 | D:4      | Noticed Crazy Yiuf
  2754 | D:4      | HP: 13/52 [Crazy Yiuf/quarterstaff of chaos (5)]
  2754 | D:4      | HP: 6/52 [Crazy Yiuf/quarterstaff of chaos (7)]
  2754 | D:4      | HP: 1/52 [Crazy Yiuf/quarterstaff of chaos (5)]
  2755 | D:4      | Succumbed to Crazy Yiuf's poison

Action                   |  1- 3 |  4- 6 |  7- 9 || total
-------------------------+-------+-------+-------++-------
Melee: Falchion          |   191 |    71 |    30 ||   292
Throw: Stone             |    39 |     3 |     6 ||    48
       Throwing net      |       |       |     2 ||     2
Invok: Berserk           |     1 |     1 |     1 ||     3
Evoke: Wand              |       |     5 |       ||     5
  Use: Scroll            |     5 |     2 |       ||     7
  Eat: Chunk             |     3 |     3 |     2 ||     8

Table legend:
 A = Turns spent in this place as a percentage of turns spent in the entire game.
 B = Non-inter-level travel turns spent in this place as a percentage of non-inter-level travel turns spent in the entire game.
 C = Inter-level travel turns spent in this place as a percentage of turns spent in this place.
 D = Turns resting spent in this place as a percentage of non-inter-level travel turns spent in this place.
 E = Turns spent auto-exploring this place as a percentage of non-inter-level travel turns spent in this place.
 F = Non-inter-level travel turns spent in this place divided by the number of levels of this place that you've seen.
                   A       B       C       D       E      F
               +-------+-------+-------+-------+-------+----------------------
         Total | 100.0 | 100.0 |   0.4 |   1.1 |   3.4 | 394.5
       Dungeon | 100.0 | 100.0 |   0.4 |   1.1 |   3.4 | 394.5
               +-------+-------+-------+-------+-------+----------------------

Vault maps used:
D:1:      dpeg_arrival_simpleton_b, kennysheep_another_room
D:2:      serial_park_tiny_pond, due_unseen_surprise
D:3:      okawaru_altar_gauntlet_db, yredelemnul_altar_generic,
          kennysheep_cross_room
D:4:      minmay_thick_lines, lemuel_doored_altar,
          minmay_temple_entry_water_ring, first_bread, gup_sewer_entry_spiral,
          uniq_pikel, uniq_crazy_yiuf_cottage
